 Dungeon Crawl Stone Soup version 0.26-a0-576-gcfaa98f945 (webtiles) character file.

Game seed: 14334217045468606531

(classic levelgen) 12 EnegeticOcto the Shield-Bearer (level 2, 0/27 HPs)
             Began as a Deep Dwarf Fighter on Aug 22, 2020.
             Slain by Grinder (4 damage)
             ... on level 3 of the Dungeon.
             The game lasted 00:01:24 (194 turns).

EnegeticOcto the Shield-Bearer (Deep Dwarf Fighter)  Turns: 194, Time: 00:01:24

Health: 0/27       AC:  6    Str: 19    XL:     2   Next: 20%
Magic:  0/0        EV:  7    Int:  8    God:
Gold:   2          SH:  9    Dex: 12    Spells: 1/1 levels left

rFire    . . .     SeeInvis .   a - +0 war axe
rCold    . . .     Faith    .   c - +0 kite shield
rNeg     . . .     Spirit   .   b - +0 scale mail
rPois    .         Reflect  .   (no helmet)
rElec    .         Harm     .   (no cloak)
rCorr    .                      (no gloves)
MR       .....                  (no boots)
Stlth    ..........             (no amulet)
HPRegen  0.00/turn              (no ring)
MPRegen  0.07/turn              (no ring)

@: non-regenerating
A: damage resistance, heal wounds, sense surroundings 1, no regeneration
a: Heal Wounds


You were on level 3 of the Dungeon.
You visited 1 branch of the dungeon, and saw 3 of its levels.

You collected 2 gold pieces.

Inventory:

Hand Weapons
 a - a +0 war axe (weapon)
Armour
 b - a +0 scale mail (worn)
 c - a +0 kite shield (worn)
Scrolls
 e - a scroll of immolation {unknown}
 h - a scroll of blinking {unknown}
 i - a scroll of fear {unknown}
 j - a scroll of teleportation {unknown}
Potions
 d - a potion of might {@q3 !q}
 f - a potion of haste {unknown}
 g - 2 potions of stabbing {unknown}


   Skills:
 - Level 2.6 Fighting
 + Level 3.2 Axes
 - Level 3.2 Armour
 - Level 3.2 Shields


You had one spell level left.
You didn't know any spells.
Your spell library was empty.

Dungeon Overview and Level Annotations

Branches:
Dungeon (3/15)

Altars:

Annotations:
D:3 Grinder


Innate Abilities, Weirdness & Mutations

You are resistant to damage.
You can heal yourself by infusing magical energy.
You passively map a small area around you.
You do not regenerate.


Message History

The adder is almost dead.
The adder bites you but does no damage. x2
You closely miss the adder.
The adder is almost dead.
The adder closely misses you. The adder bites you but does no damage.
You barely miss the adder.
The adder is almost dead.
You block the adder's attack. The adder bites you but does no damage.
Your scale mail prevents you from hitting the adder.
The adder is almost dead.
The adder barely misses you.
You miss the adder.
The adder is almost dead.
The adder bites you.
You are more poisoned.
The adder poisons you! The adder bites you but does no damage.
You hit the adder.
You kill the adder!
Your Axes skill increases to level 3!
You have reached level 2!
Found a leather armour.
You open the door.
Found 2 gold pieces and a scroll labeled TOMMUN XAGGO.
There is an open door here.
You now have 2 gold pieces.
h - a scroll labeled TOMMUN XAGGO
Found a scroll labeled XULAORUOSA.
You are no longer poisoned.
i - a scroll labeled XULAORUOSA
Found a stone staircase leading down.
There is a stone staircase leading down here.
(D) Dungeon
Where to? (? - help)
You climb downwards.
Grinder comes into view.
Grinder shouts!
Found a scroll labeled LUWADY IHAXALY.
Found a stone staircase leading up.
There is a stone staircase leading up here.
You fail to use your ability.
Grinder gestures at you.
You suddenly lose the ability to move!
You can move again.
You feel much better.
Grinder says, "Just stop there for a second..."
You hit Grinder.
Grinder is lightly wounded.
Grinder gestures at you. Pain shoots through your body!
You block Grinder's attack.
You slash Grinder!
Grinder is moderately wounded.
Grinder hits you but does no damage.
You closely miss Grinder.
Grinder is moderately wounded.
Grinder gestures at you.
You suddenly lose the ability to move!
Grinder hits you.
You writhe in agony.
Grinder gestures at you. Pain shoots through your body!
* * * LOW HITPOINT WARNING * * *
You can move again.
Your magical essence is drained by the effort!
You feel much better. Grinder gestures at you. Pain shoots through your body!
You hit Grinder but do no damage.
Grinder is moderately wounded.
Grinder hits you but does no damage.
You hit Grinder.
Grinder is heavily wounded.
Grinder blinks!
Grinder blinks!
You see here a scroll labeled LUWADY IHAXALY.
j - a scroll labeled LUWADY IHAXALY Your magical essence is drained by the effort!
You feel much better.
Your scale mail prevents you from hitting Grinder.
Grinder is heavily wounded.
Grinder completely misses you.
You hit Grinder but do no damage.
Grinder is heavily wounded.
You block Grinder's attack. Grinder hits you.
You hit Grinder but do no damage.
Grinder is heavily wounded.
Grinder gestures at you. Pain shoots through your body!
You closely miss Grinder.
Grinder is heavily wounded.
Grinder hits you but does no damage. Grinder hits you.
You writhe in agony.
You are too injured to fight recklessly!
You are too injured to fight recklessly!
You barely miss Grinder.
Grinder is heavily wounded.
Grinder blinks!
You block Grinder's attack.
You hit Grinder.
Grinder is heavily wounded.
Grinder gestures at you. Pain shoots through your body! Grinder hits you.
* * * LOW HITPOINT WARNING * * *
You writhe in agony.
You die...

. * * ,. , , * *
.#### , , * , ...#
, * #..##### * *,
#..##.. , , #..##.#
* ..
#.#..##.####..#
#....@5.<.....# *
.......#....####.#,
####..###........#,
, ...# #....######
* * *###. #.##.## ,
, ,. #. ... * * ##
*# ##<.., , * #####
*


You could see Grinder.

Vanquished Creatures
  An adder (D:2)
  A goblin (D:2)
  A kobold (D:1)
  A rat (D:1)
4 creatures vanquished.

Notes
Turn   | Place    | Note
-------+----------+-------------------------------------------
     0 | D:1      | EnegeticOcto the Deep Dwarf Fighter began the quest for the
                  | Orb.
     0 | D:1      | Reached XP level 1. HP: 20/20 MP: 1/1
   115 | D:2      | Reached skill level 3 in Axes
   115 | D:2      | Reached XP level 2. HP: 20/27 MP: 2/2
   168 | D:3      | Noticed Grinder
   169 | D:3      | Paralysed by Grinder for 3 turns
   176 | D:3      | Paralysed by Grinder for 2 turns
   178 | D:3      | Your magical essence is drained by the effort!
   184 | D:3      | Your magical essence is drained by the effort!
   194 | D:3      | Slain by Grinder

Illustrated notes

Levels and vault maps discovered:
D:1:      evilmike_arrival_rings, layout_basic
D:2:      layout_basic
D:3:      layout_loops_ring, elyvilon_altar_3, serial_bayou_pond_e, st_stairs_5,
          uniq_grinder

Skill      XL: |  1 |
---------------+----+-----
Axes           | 3 |  3.2
Fighting       | |  2.6
Armour         | |  3.2
Shields        | |  3.2

Action                   || total
-------------------------++-------
Melee: War axe           ||    33
 Abil: Heal Wounds       ||     3
Armor: Scale mail        ||    50
Dodge: Dodged            ||    20
Block: Kite shield       ||    49

Table legend: (Time is in decaauts)
 A = Elapsed time spent in this place.
 B = Non-inter-level travel time spent in this place.
 C = Inter-level travel time spent in this place.
 D = Time resting spent in this place.
 E = Time spent auto-exploring this place.
 F = Levels seen in this place.
 G = Mean time per level.
                   A        B        C        D        E       F      G
               +--------+--------+--------+--------+--------+-----+--------+
         Total |    208 |    207 |      1 |      0 |      0 |   3 |   69.3 |
       Dungeon |    208 |    207 |      1 |      0 |      0 |   3 |   69.3 |
               +--------+--------+--------+--------+--------+-----+--------+

Top non-repeatable levels by time:
     D:1: 101 daAuts
     D:2: 76 daAuts
     D:3: 30 daAuts
